Map: 캑터스 밸리 - 래더 (공허)

Players

aLive - Winner!

  • Race: Terran Terran
  • Spawn Location: 5:00

TYTY (TY)

  • Race: Terran Terran
  • Spawn Location: 11:00

Event: IEM XI Katowice - World Championship 2017

VOD

Have the link to the VOD?

Description

Time

  • Played on: March 2, 2017, 4:46 a.m.
  • Length: 12:48

All games in this series

Show
View Real Time Build Order
Export as new Build Order

aLive Terran - Winner!

Build Orders: Reaper Expand, Bio Tank 

Get SALT Encoding   

  12  0:00  SCV  
  13  0:13  SCV  
  14  0:18  Supply Depot  
  14  0:25  SCV  
  15  0:28  Refinery  
  15  0:39  SCV  
  16  0:45  Barracks  
  16  0:51  SCV  
  17  1:03  SCV  
  18  1:15  SCV  
  19  1:31  Orbital Command  
  19  1:32  Reaper  
  20  1:45  Command Center  
  20  1:56  Factory  
  20  1:58  SCV  
  21  2:06  Barracks Reactor  
  21  2:09  Refinery  
  21  2:11  SCV  
  22  2:17  Supply Depot  
  22  2:23  SCV  
  23  2:39  SCV  
  23  2:40  Starport  
  23  2:42  Marine x2  
  26  2:48  Widow Mine  
  29  2:51  SCV  
  29  2:57  Orbital Command  
  29  3:03  SCV  
  29  3:04  Marine  
  29  3:05  Marine  
  32  3:15  SCV  
  32  3:16  Viking  
  32  3:18  Factory Tech Lab  
  35  3:24  SCV  
  36  3:27  Marine, SCV  
  36  3:28  Marine  
  39  3:36  SCV  
  39  3:39  Supply Depot, SCV  
  41  3:48  Starport Tech Lab  
  41  3:49  Siege Tank, SCV  
  41  3:51  SCV  
  46  4:00  Supply Depot  
  46  4:01  Marine x2, SCV  
  49  4:04  SCV  
  49  4:06  Raven  
  52  4:13  SCV  
  52  4:16  Supply Depot, SCV  
  54  4:21  Marine x2  
  56  4:29  SCV x2  
  58  4:35  Supply Depot  
  61  4:41  Command Center  
  61  4:42  SCV x2  
  63  4:46  Refinery  
  63  4:47  Refinery  
  63  4:49  Raven  
  62  4:54  SCV x2  
  62  4:56  Engineering Bay  
  62  4:58  Supply Depot, Engineering Bay  
  64  5:06  Siege Tank, SCV  
  64  5:07  SCV  
  69  5:21  SCV x2  
  72  5:22  Barracks  
  72  5:23  Barracks  
  72  5:25  Terran Infantry Weapons Level 1  
  72  5:28  Terran Infantry Armor Level 1, Supply Depot  
  71  5:33  SCV x2  
  73  5:45  SCV x2  
  73  5:48  Marine  
  73  5:49  Stimpack  
  76  5:53  Barracks  
  76  5:54  Barracks  
  76  5:58  Orbital Command  
  76  6:00  Medivac x2  
  76  6:02  SCV x2  
  81  6:08  Supply Depot  
  81  6:09  Supply Depot  
  81  6:12  Barracks Reactor  
  81  6:13  Barracks Reactor  
  81  6:18  Marine  
  81  6:20  SCV x2  
  81  6:25  Armory  
  80  6:26  Siege Tank, Refinery  
  80  6:30  Refinery  
  82  6:35  SCV x2  
  82  6:37  Marine  
  83  6:44  Orbital Command  
  83  6:47  SCV x2  
  83  6:49  Marine x4  
  83  6:50  Barracks Reactor x2  
  86  6:55  Marine  
  86  6:57  Medivac x2  
  86  6:59  SCV x2  
  93  7:05  Supply Depot  
  93  7:06  Supply Depot  
  93  7:09  Factory  
  93  7:10  Supply Depot, SCV  
  93  7:11  SCV x2  
  93  7:13  Marine x5  
  101  7:18  Siege Tank  
  104  7:25  SCV x3  
  105  7:37  SCV x3  
  105  7:38  Marine  
  105  7:39  Marine x6  
  113  7:49  Combat Shields  
  112  7:55  Marine  
  112  7:56  Marine x2  
  112  7:57  Marine  
  113  8:00  SCV x3  
  113  8:05  Siege Tank  
  119  8:06  Factory Tech Lab  
  117  8:14  Terran Infantry Weapons Level 2, Terran Infantry Armor Level 2  
  117  8:15  Refinery  
  117  8:19  Supply Depot  
  117  8:20  Terran Vehicle Weapons Level 1  
  117  8:29  Sensor Tower  
  117  8:31  Marine  
  117  8:32  Marine x6  
  117  8:34  Marine x2  
  123  8:38  Siege Tank  
  127  8:44  Siege Tank  
  130  8:53  Sensor Tower  
  130  8:55  Marine x6  
  140  8:58  Viking x2  
  139  9:09  Marine x3  
  142  9:12  Marine  
  142  9:13  Marine x3  
  142  9:15  Supply Depot  
  142  9:16  Supply Depot x2, Barracks x2  
  143  9:19  Marine x2  
  138  9:25  SCV x3  
  138  9:26  Marine  
  138  9:27  Marine x2  
  138  9:29  Viking  
  138  9:30  Viking  
  148  9:43  Siege Tank x2  
  154  9:45  SCV  
  154  9:46  SCV x2  
  157  9:53  Marine  
  157  9:54  Marine x6  
  161  10:01  SCV x3  
  161  10:03  Medivac x2  
  167  10:16  Terran Vehicle Weapons Level 2, Sensor Tower  
  167  10:19  Liberator x2  
  167  10:20  Barracks Reactor x2  
  167  10:28  Marine x7  
  164  10:38  Siege Tank x2  
  175  10:48  Supply Depot  
  175  10:49  Supply Depot  
  175  10:50  Supply Depot  
  175  10:52  Marine x4  
  179  10:59  Marine x2  
  181  11:05  Liberator x2  
  181  11:09  Marine x8  
  189  11:17  Marine x3  
  197  11:37  Marine x3  
  200  11:53  Command Center  
  199  12:07  Command Center  
  198  12:26  Starport  
Show
View Real Time Build Order
Export as new Build Order

TYTY Terran 

Build Orders: Bio Tank 

Get SALT Encoding   

  12  0:00  SCV  
  13  0:12  SCV  
  14  0:15  Refinery  
  14  0:20  Supply Depot  
  14  0:24  SCV  
  15  0:29  Refinery  
  15  0:42  SCV  
  16  0:46  Barracks  
  16  0:54  SCV  
  17  1:06  SCV  
  18  1:18  SCV  
  20  1:33  Reaper, Orbital Command  
  20  1:45  Command Center  
  20  1:56  Factory  
  20  2:00  SCV  
  21  2:08  Barracks Reactor  
  21  2:11  Supply Depot  
  21  2:14  SCV  
  22  2:19  Refinery  
  22  2:26  SCV  
  23  2:38  SCV  
  23  2:40  Hellion  
  26  2:45  Marine x2  
  26  2:46  Starport  
  26  2:50  SCV  
  29  2:57  Orbital Command  
  29  3:03  Marine x2  
  31  3:05  Factory Tech Lab  
  31  3:07  SCV  
  32  3:20  Marine, SCV  
  32  3:21  Marine  
  32  3:23  SCV  
  36  3:28  Siege Tank  
  36  3:32  SCV  
  40  3:35  SCV  
  40  3:39  Supply Depot  
  41  3:43  Marine x2  
  41  3:44  SCV  
  41  3:47  SCV  
  45  3:54  Supply Depot  
  44  3:56  SCV  
  44  3:59  SCV  
  44  4:01  Marine x2  
  48  4:05  Raven  
  48  4:08  SCV  
  51  4:10  Factory Tech Lab  
  51  4:11  SCV  
  52  4:20  SCV  
  52  4:23  SCV  
  54  4:28  Command Center  
  54  4:30  Marine x2  
  56  4:33  Refinery  
  56  4:34  Supply Depot, SCV  
  56  4:35  SCV  
  58  4:41  Refinery  
  58  4:46  SCV  
  58  4:48  Raven, SCV  
  62  4:55  Supply Depot  
  62  4:56  Siege Tank  
  62  4:58  SCV  
  62  4:59  Marine x2  
  66  5:00  SCV  
  69  5:09  Supply Depot  
  69  5:10  SCV  
  70  5:16  SCV  
  70  5:17  Marine x2  
  73  5:21  Barracks  
  73  5:22  SCV, Barracks  
  73  5:28  Siege Tank  
  77  5:33  SCV  
  78  5:40  SCV  
  78  5:42  Marine, Stimpack  
  80  5:43  Starport Reactor  
  80  5:47  SCV  
  80  5:48  Orbital Command  
  80  5:54  SCV  
  81  5:59  SCV  
  81  6:00  Marine, Siege Tank  
  81  6:04  Engineering Bay x2  
  86  6:08  Orbital Command  
  86  6:09  Barracks Reactor  
  86  6:10  SCV  
  87  6:11  SCV  
  87  6:15  Barracks  
  87  6:16  Barracks  
  88  6:18  Marine  
  88  6:24  Marine x2  
  91  6:25  Supply Depot  
  91  6:28  SCV x2  
  93  6:35  Terran Infantry Weapons Level 1, Medivac  
  93  6:36  Marine  
  93  6:39  Medivac  
  98  6:42  Marine x2  
  98  6:47  Supply Depot  
  100  6:48  Terran Infantry Armor Level 1, SCV x2  
  100  6:53  Siege Tank  
  105  6:54  Missile Turret  
  105  6:56  Marine  
  106  7:05  Medivac  
  106  7:06  Supply Depot  
  106  7:08  Barracks Reactor x2  
  108  7:09  Medivac  
  108  7:11  SCV x2  
  108  7:13  Marine x2  
  108  7:14  Marine x2, Refinery  
  117  7:22  Marine  
  117  7:28  Siege Tank  
  120  7:31  Marine  
  120  7:35  Marine x2  
  122  7:39  Marine  
  122  7:41  Marine  
  121  7:48  Marine  
  121  7:49  Marine  
  115  7:53  Orbital Command  
  115  7:54  Marine x3  
  112  7:59  SCV  
  112  8:00  Siege Tank  
  112  8:04  SCV  
  117  8:07  Marine x5, Medivac  
  117  8:08  Marine, Combat Shields  
  117  8:12  Armory, SCV  
  125  8:16  Supply Depot  
  125  8:17  Supply Depot  
  125  8:21  Marine  
  125  8:22  Marine x2  
  125  8:39  Marine x3  
  125  8:40  Supply Depot  
  132  8:44  Refinery  
  132  8:45  Siege Tank  
  133  8:49  Viking  
  133  8:50  Viking  
  135  8:59  Marine  
  135  9:00  Marine, Supply Depot  
  139  9:06  Terran Infantry Weapons Level 2  
  139  9:08  Terran Infantry Armor Level 2  
  137  9:10  SCV x2  
  139  9:19  Viking  
  139  9:20  Viking  
  142  9:24  Refinery  
  142  9:27  Marine x5, Sensor Tower  
  147  9:43  Marine x3  
  147  9:45  Siege Tank, SCV  
  150  9:52  Viking x2  
  155  10:11  Factory  
  155  10:16  Marine x2, Command Center  
  155  10:17  Marine  
  157  10:21  Supply Depot  
  157  10:28  Marine  
  157  10:29  Marine  
  157  10:31  Marine  
  157  10:43  Marine, Viking x2, Siege Tank  
  157  10:44  Missile Turret  
  157  10:45  Marine  
  165  10:55  Marine  
  165  11:05  Supply Depot  
  165  11:07  Supply Depot  
  165  11:10  Marine, Factory Tech Lab  
  165  11:26  Marine x7, SCV  
  165  11:27  Marine  
  165  11:28  Marine, Siege Tank  
  165  11:32  Siege Tank  
  187  11:46  Marine  
  181  11:49  Supply Depot x2  
  181  11:53  Medivac x2  
  185  12:02  Marine x4, Missile Turret  
  185  12:03  Missile Turret  
  189  12:10  Marine x2  
  189  12:14  Siege Tank  
  194  12:15  Missile Turret  
  194  12:16  Missile Turret  
  193  12:24  Marine  

Tags
 
Add a new tag
Caveats
  • Supply blocks, unpowered buildings, or Contaminate may cause inaccurate times.
  • Supply counts are checked every 10 seconds.